 Dungeon Crawl Stone Soup version 0.30-b1-2-g02819fbbbe (webtiles) character file.

Game seed: 249559634692781548

1010 Fartwhistle the Changer (level 8, -28/54 HPs)
             Began as an Octopode Transmuter on June 6, 2023.
             Annihilated by an ogre
             ... wielding a +0 giant club
              (30 damage)
             ... on level 6 of the Dungeon.
             The game lasted 00:09:33 (4997 turns).

Fartwhistle the Changer (Octopode Transmuter)       Turns: 4997, Time: 00:09:34

Health: -28/54     AC:  1    Str:  9    XL:     8   Next: 21%
Magic:  14/14      EV: 13    Int: 18    God:
Gold:   325        SH:  0    Dex: 12    Spells: 5/15 levels left

rFire   . . .        z - +7 quarterstaff of the Real Monster {elec, rC+ Will+ SInv Stlth+}
rCold   + . .        (shield currently unavailable)
rNeg    . . .        (helmet restricted)
rPois   .            g - amulet of regeneration
rElec   .            f - ring of willpower
rCorr   .            (no ring)
SInv    +            (no ring)
Will    ++...        (no ring)
Stlth   +++          (no ring)
HPRegen 1.09/turn    (no ring)
MPRegen 0.14/turn    (no ring)
                     (no ring)

%: no passive effects
@: hasted, very quick
A: almost no armour, amphibious, 8 rings, camouflage 1, gelatinous body 1,
(nimble swimmer 1), tentacles
a: no special abilities


You were on level 6 of the Dungeon.
You visited 1 branch of the dungeon, and saw 6 of its levels.

You collected 325 gold pieces.

Inventory:

Hand Weapons
 z - the +7 quarterstaff of the Real Monster (weapon) {elec, rC+ Will+ SInv Stlth+}
   (You found it on level 5 of the Dungeon)

   rC:        It protects you from cold.
   SInv:      It lets you see invisible.
   Will:      It increases your willpower.
   Stlth:     It makes you more stealthy.
Missiles
 k - 5 boomerangs
 o - 21 poisoned darts
Magical Staves
 h - a staff of conjuration
Jewellery
 f - a ring of willpower (left tentacle)
 g - an amulet of regeneration (around mantle)
 v - an amulet of the acrobat
 y - a ring of resist corrosion
Wands
 i - a wand of roots (10)
 l - a wand of paralysis (3)
 q - a wand of digging (5)
Scrolls
 b - 8 scrolls of teleportation
 d - a scroll of blinking {unknown}
 e - a scroll of fear
 m - 3 scrolls of identify
 r - a scroll of immolation {unknown}
 x - a scroll of enchant weapon {unknown}
 B - a scroll of vulnerability {unknown}
Potions
 a - 2 potions of might
 c - 7 potions of curing
 j - a potion of invisibility
 n - a potion of cancellation {unknown}
 p - a potion of haste
 t - a potion of resistance {unknown}
 u - a potion of attraction {unknown}
 w - 2 potions of mutation {unknown}
 A - 2 potions of heal wounds {unknown}
Miscellaneous
 s - a tin of tremorstones (2/2)


   Skills:
 + Level 4.0 Fighting
 + Level 0.0 Staves
 - Level 2.0 Dodging
 - Level 3.0 Unarmed Combat
 + Level 4.2 Spellcasting
 * Level 6.6 Transmutations
 + Level 2.5 Ice Magic
 - Level 2.0 Poison Magic


You had 5 spell levels left.
You knew the following spells:

 Your Spells              Type           Power      Damage    Failure   Level
a - Beastly Appendage     Tmut           54%        N/A       1%          1
b - Wereblood             Tmut           27%        N/A       1%          2
c - Spider Form           Tmut/Pois      19%        N/A       8%          3
d - Ice Form              Ice/Tmut       20%        N/A       22%         4

Your spell library contained the following spells:

 Spells                   Type           Power      Damage    Failure   Level
 Passwall                 Tmut/Erth      12%        N/A       5%          2
 Sandblast                Erth           6%         2d5       14%         1
 Stone Arrow              Conj/Erth      6%         3d7       41%         3


Dungeon Overview and Level Annotations

Branches:
Dungeon (6/15)
 Temple: D:4-7

Altars:
Hepliaklqana
Sif Muna
Uskayaw

Annotations:
D:4 1 runed translucent door, Crazy Yiuf
D:6 1 runed translucent door, 1 exclusion, caveywoolpert's ghost, novice GrEE


Innate Abilities, Weirdness & Mutations

You cannot wear most types of armour.
You are amphibious.
You can wear up to eight rings at the same time.
Your skin changes colour to match your surroundings (Stealth+).
Your rubbery body absorbs attacks. (AC +1, EV +1)
((You are camouflaged when in or above water. (Stealth+)))
You have tentacles for arms and can constrict up to eight enemies at once.


Message History

The bullfrog gives a loud, deep croak!
There is a stone staircase leading down here.
You're in a travel-excluded area, stopping explore.
Found a runed translucent door.
Caveywoolpert's ghost says very slowly, "There's no hope."
An orc comes into view. It is wielding a +0 hand axe.
The orc shouts!
The orc barely misses you.
You hit the orc. You grab the orc. Your squeeze misses the orc.
The orc is moderately wounded.
You constrict the orc, but do no damage.
The orc hits you with a +0 hand axe.
You completely miss the orc.
The orc is moderately wounded.
You constrict the orc, but do no damage.
The orc barely misses you. The orc hits you with a +0 hand axe.
You hit the orc. You squeeze the orc.
The orc is almost dead.
You constrict the orc.
You kill the orc!
No target in view!
No target in view!
Things that are here:
a +0 hand axe; a +0 scale mail; an orc corpse
B - a scroll labelled GEAHO WOWNARI An ogre comes into view.
It is wielding a +0 giant club.
Found a scroll labelled JER HAORAER.
The helpless ogre fails to defend itself.
You hit the ogre.
The ogre is lightly wounded.
The ogre hits you with a +0 giant club!!
You barely miss the ogre.
The ogre is lightly wounded.
The ogre hits you with a +0 giant club!!
Ouch! That really hurt!
* * * LOW HITPOINT WARNING * * *
You feel yourself speed up.
The ogre hits you with a +0 giant club!!
Ouch! That really hurt!
You die...

##. .?.##### #.#### #.....# #
#.#... ...#.#####+# #.#.#<#.
#.. #.#.......## #.#.###. #.#
#........... #....... .######.#
#....O...... ###[#.## ........#
#...@......# ###.#.## ........#
#..........#S#....... ........#
#..........#:#....###
......#.###..........#~#....###
#..............$.#W#.....>#
###.###.#######..#F###.##.# #.#
#...# ####S###.##.# #.# ###.#
#..#+#...##.. #.#####.#
#......#.##..


You could see an ogre.

Vanquished Creatures
  The ghost of Fartwhistle the Changer, an amateur OpTm of Cheibriados (D:4)
  2 centaurs (D:5)
  An ogre (D:4)
  A phantom (D:5)
  A bullfrog (D:4)
  A scorpion (D:6)
  2 hounds
  A gnoll bouda (D:4)
  Jessica (D:2)
  Terence (D:2)
  An orc wizard (D:3)
  Robin (D:4)
  3 gnolls (D:4)
  5 adders
  A river rat (D:4)
  3 worms
  13 orcs
  8 ball pythons
  2 bats
  10 endoplasms
  4 giant cockroaches
  10 hobgoblins
  14 jackals
  9 quokkas
  3 frilled lizards (D:1)
  14 goblins
  4 kobolds
  4 rats
121 creatures vanquished.

Notes
Turn   | Place    | Note
-------+----------+-------------------------------------------
     0 | D:1      | Fartwhistle the Octopode Transmuter began the quest for the
                  | Orb.
     0 | D:1      | Reached XP level 1. HP: 13/13 MP: 3/3
   197 | D:1      | Reached XP level 2. HP: 11/18 MP: 5/5
   283 | D:1      | Learned a level 2 spell: Wereblood
   450 | D:1      | Reached XP level 3. HP: 23/23 MP: 6/6
   622 | D:1      | Reached skill level 3 in Transmutations
   671 | D:1      | Found a faded altar of an unknown god.
  1127 | D:2      | Learned a level 3 spell: Spider Form
  1247 | D:2      | Reached XP level 4. HP: 28/28 MP: 8/8
  1336 | D:2      | Noticed Terence
  1344 | D:2      | Killed Terence
  1413 | D:2      | Noticed Jessica
  1420 | D:2      | Killed Jessica
  1421 | D:2      | Reached skill level 1 in Poison Magic
  1493 | D:2      | Reached XP level 5. HP: 33/33 MP: 9/9
  2040 | D:3      | Reached skill level 4 in Transmutations
  2485 | D:4      | Reached XP level 6. HP: 35/39 MP: 3/10
  2677 | D:4      | Learned a level 4 spell: Ice Form
  2687 | D:4      | Found a runed translucent door.
  2718 | D:4      | Found a runed translucent door.
  2750 | D:4      | Noticed Robin
  2772 | D:4      | Killed Robin
  2858 | D:4      | Noticed Fartwhistle's ghost (amateur OpTm)
  2911 | D:4      | Reached skill level 5 in Transmutations
  2970 | D:4      | Found a runed translucent door.
  2971 | D:4      | Noticed Crazy Yiuf
  3030 | D:4      | Found a shimmering blue altar of Sif Muna.
  3044 | D:4      | Reached skill level 1 in Ice Magic
  3228 | D:4      | Found a hide-covered altar of Uskayaw.
  3576 | D:4      | Reached XP level 7. HP: 43/46 MP: 6/12
  3596 | D:4      | Killed Fartwhistle's ghost
  3706 | D:5      | Entered Level 5 of the Dungeon
  3746 | D:5      | Reached skill level 6 in Transmutations
  3804 | D:5      | Found a hazy altar of Hepliaklqana.
  3975 | D:5      | Identified the +7 quarterstaff of the Real Monster {elec,
                  | rC+ Will+ SInv Stlth+}
  4036 | D:5      | Reached XP level 8. HP: 38/54 MP: 12/14
  4946 | D:6      | Found a runed translucent door.
  4948 | D:6      | Noticed caveywoolpert's ghost (novice GrEE)
  4996 | D:6      | HP: 1/54 [ogre/+0 giant club (29)]
  4997 | D:6      | Annihilated by an ogre

Illustrated notes

Levels and vault maps discovered:
D:1:      sevenhm_arrival_forest_fort_large_2, layout_rooms,
          ebering_ecumenical_altar_petrified, minmay_pentomino_t4
D:2:      layout_loops_ring, uniq_jessica, uniq_terence
D:3:      layout_rooms
D:4:      layout_loops_ring, nicolae_overflow_crystal_walls,
          lemuel_coloured_pillars_altar, ebering_ghost_sewer_f, uniq_robin,
          uniq_crazy_yiuf_cottage
D:5:      layout_layer_cave, nicolae_hepliaklqana_hazy_memory, serial_glass,
          glass_columns_c, glass_columns_b
D:6:      layout_basic, grunt_gozag_statues, ebering_ghost_sewer_d,
          serial_shops, shop

Skill      XL: |  1  2  3  4  5  6  7  8 |
---------------+-------------------------+-----
Transmutations | 3 4 5 6 |  6.6
Spellcasting   | 3 4 |  4.2
Poison Magic   | 1 2 |  2.0
Fighting       | 2 3 4 |  4.0
Ice Magic      | 1 2 |  2.5
Dodging        | |  2.0
Unarmed Combat | |  3.0

Action                     |  1- 3 |  4- 6 |  7- 9 || total
---------------------------+-------+-------+-------++-------
  Melee: Unarmed           |    99 |   186 |    75 ||   360
         Tentacles         |    14 |    30 |    14 ||    58
         Constrict         |    21 |    22 |     7 ||    50
         Kick              |     7 |       |       ||     7
         Punch             |     5 |     7 |     1 ||    13
         Quarterstaff      |       |       |     7 ||     7
   Cast: Beastly Appendage |     5 |       |       ||     5
         Wereblood         |     2 |     4 |     1 ||     7
         Spider Form       |       |    10 |     4 ||    14
    Use: Potion            |     1 |       |     2 ||     3
         Scroll            |       |     5 |     1 ||     6
   Stab: Sleeping          |     2 |     5 |     3 ||    10
 Armour: Skin              |    11 |    11 |     8 ||    30
  Dodge: Dodged            |    55 |   135 |    66 ||   256
